 Dungeon Crawl Stone Soup version 0.24-a0-201-gf205589 (webtiles) character file.

Game seed: 2269197952627150086

234 Borgoz the Cutter (level 6, -9/38 HPs)
             Began as a Kobold Monk on Mar 24, 2019.
             Was a Believer of Ashenzari.
             Mangled by an ogre
             ... wielding a +0 giant spiked club
              (12 damage)
             ... on level 4 of the Dungeon.
             The game lasted 00:08:09 (4679 turns).

Borgoz the Cutter (Kobold Monk)                     Turns: 4679, Time: 00:08:09

Health: -9/38      AC:  4    Str: 10    XL:     6   Next: 26%
Magic:  0/8        EV: 17    Int: 11    God:    Ashenzari [**....]
Gold:   146        SH:  0    Dex: 18    Spells: 7/7 levels left

rFire    . . .     SeeInvis +   a - +1 short sword
rCold    . . .     Gourm    .   (shield restricted)
rNeg     . . .     Faith    .   e - +0 leather armour
rPois    .         Spirit   +   (no helmet)
rElec    .         Reflect  .   (no cloak)
rCorr    .         Harm     .   (no gloves)
MR       .....     Rnd*Tele +   f - +0 pair of boots
Stlth    +++.......             j - amulet of guardian spirit
HPRegen  0.12/turn              g - ring of see invisible
MPRegen  0.11/turn              k - ring of teleportation (curse)

@: no status effects
A: small, carnivore
a: Curse Item, Scrying, Renounce Religion


You were on level 4 of the Dungeon.
You worshipped Ashenzari.
Ashenzari was pleased with you.
You were completely stuffed.

You visited 1 branch of the dungeon, and saw 4 of its levels.

You collected 146 gold pieces.

Inventory:

Hand Weapons
 a - a +1 short sword (weapon)
Missiles
 d - 5 tomahawks (quivered)
 l - 3 curare-tipped needles
 m - 23 bolts
Armour
 e - a +0 leather armour (worn)
 f - a +0 pair of boots (worn)
 r - the -2 hat of the Alchemist {rElec rPois rF+ rC+ rN+ MR+ rMut rCorr}
   (You found it on level 4 of the Dungeon)

   It protects you from fire.
   It protects you from cold.
   It insulates you from electricity.
   It protects you from poison.
   It protects you from negative energy.
   It affects your resistance to hostile enchantments.
   It provides partial protection from all sources of acid and corrosion.
   It protects you from mutation.
Jewellery
 g - a ring of see invisible (left hand)
 j - an amulet of guardian spirit (around neck)
 k - a cursed ring of teleportation (right hand)
Scrolls
 b - a scroll of enchant weapon
 h - a scroll of teleportation
 n - a scroll of identify
 p - a scroll of remove curse
Potions
 i - a potion of brilliance
Comestibles
 c - 6 rations
 o - 8 chunks of flesh


   Skills:
 * Level 4.3 Fighting
 * Level 5.2 Short Blades
 + Level 1.6 Throwing
 + Level 1.1 Armour
 * Level 4.7 Dodging
 + Level 3.8 Stealth
 + Level 1.4 Spellcasting


You had 7 spell levels left.
You didn't know any spells.
Your spell library was empty.

Dungeon Overview and Level Annotations

Branches:
Dungeon (4/15)
 Temple: D:4-7

Altars:
Ashenzari
Kikubaaqudgha


Innate Abilities, Weirdness & Mutations

You are small and have problems with some larger weapons.
You are carnivorous and can eat meat at any time.


Message History

The ogre barely misses you.
You hit the ogre.
The ogre is heavily wounded.
The crimson imp blinks!
The ogre barely misses you.
You hit the ogre.
The ogre is heavily wounded.
You hit the ogre.
The ogre is heavily wounded.
The ogre misses you.
You hit the ogre but do no damage.
The ogre is heavily wounded.
The crimson imp barely misses you. The ogre misses you.
You hit the ogre.
The ogre is severely wounded.
The crimson imp hits you with a +0 quarterstaff.
* * * LOW HITPOINT WARNING * * *
You hit the ogre.
The ogre is severely wounded.
The ogre hits you with a +0 giant spiked club!
You die...

..** , , ,, , ***
*#.# ,, , ,, ,......,
, *#÷# , , ** *
......# ** #.# ,* *
*, ......#### #.# * *
* .........####.## ,
** #..#####.......#
######..#...#..###..#
* ,
####..5....+...'..#
#..# *
....[.O@...#...#..#
#..#
####.####..##'##..#
#..# * #........##
#... , #....#####
#.## * ####.# #.# #
♣♣♣♣♣♣♣#.# #.# # ,*
♣..8..♣#.# #.# # * *
♣.#.#.♣#.# #.## ####
* * ♣8(#.8.'.# #÷..


You could see an ogre and a crimson imp.

Vanquished Creatures
  A scorpion (D:4)
  A worker ant (D:4)
  4 gnolls (D:4)
  2 adders
  2 worms (D:3)
  4 dart slugs
  3 leopard geckos
  8 orcs
  8 bats
  3 giant cockroaches
  9 goblins
  9 hobgoblins
  8 jackals (D:2)
  3 quokkas
  2 ball pythons
  3 frilled lizards
  7 kobolds
  4 rats
81 creatures vanquished.

Notes
Turn   | Place    | Note
-------+----------+-------------------------------------------
     0 | D:1      | Borgoz the Kobold Monk began the quest for the Orb.
     0 | D:1      | Reached XP level 1. HP: 14/14 MP: 1/1
   209 | D:1      | Reached XP level 2. HP: 12/19 MP: 2/2
   701 | D:1      | Reached XP level 3. HP: 12/23 MP: 3/3
  1818 | D:2      | Reached XP level 4. HP: 14/29 MP: 4/4
  2477 | D:3      | HP: 1/29 [orc/+0 whip (5)]
  2508 | D:3      | Found an ancient bone altar of Kikubaaqudgha.
  2848 | D:3      | Found a shattered altar of Ashenzari.
  2864 | D:3      | Became a worshipper of Ashenzari the Shackled
  2864 | D:3      | Reached * piety under Ashenzari
  2864 | D:3      | Reached ** piety under Ashenzari
  2867 | D:3      | Reached skill level 1 in Throwing
  3418 | D:3      | Reached XP level 5. HP: 33/33 MP: 6/6
  3770 | D:4      | Found the -2 hat of the Alchemist {rElec rPois rF+ rC+ rN+
                  | MR+ rMut rCorr}
  3833 | D:4      | Reached skill level 1 in Spellcasting
  4511 | D:4      | Reached skill level 5 in Short Blades
  4586 | D:4      | Reached skill level 1 in Armour
  4614 | D:4      | Reached XP level 6. HP: 32/38 MP: 7/7
  4636 | D:4      | Noticed an ogre
  4679 | D:4      | Mangled by an ogre

Levels and vault maps discovered:
D:1:      roderic_chinese_lattice_arrival, layout_basic, kennysheep_minor_cross,
          st_stairs_11, lemuel_old_faithful
D:2:      layout_basic
D:3:      minmay_general_purpose_star, layout_basic,
          nicolae_overflow_crystal_walls, kiku_gazebo_pond_becter, first_ration
D:4:      layout_loops_ring, enter_ossuary_2, kennysheep_generic_room_10

Skill      XL: |  1  2  3  4  5 |
---------------+----------------+-----
Stealth        | 3 |  3.8
Dodging        | 4 |  4.7
Throwing       | 1 |  1.6
Fighting       | 4 |  4.3
Spellcasting   | 1 |  1.4
Short Blades   | 5 |  5.2
Armour         | 1 |  1.1

Action                   |  1- 3 |  4- 6 || total
-------------------------+-------+-------++-------
Melee: Short sword       |   170 |   234 ||   404
  Use: Potion            |     2 |     3 ||     5
       Scroll            |     3 |     6 ||     9
 Stab: Sleeping          |     4 |     9 ||    13
       Distracted        |     1 |       ||     1
       Invisible         |       |     2 ||     2
  Eat: Chunk             |    11 |    10 ||    21
Armor: Robe              |    17 |    18 ||    35
       Skin              |    12 |       ||    12
       Leather armour    |       |     4 ||     4
Dodge: Dodged            |   140 |   161 ||   301

Table legend:
 A = Non-vault XP
 B = Vault XP
 C = Vault XP percentage of total XP
 D = Non-vault monster count
 E = Vault monster count
 F = Vault count percentage of total count
                 A         B        C        D         E       F
            +---------+---------+-------+---------+---------+-------
      Total |     259 |      76 |  22.7 |      73 |       8 |   9.9
            +---------+---------+-------+---------+---------+-------
        D:1 |      36 |       4 |  10.0 |      20 |       3 |  13.0
        D:2 |      42 |       0 |   0.0 |      20 |       0 |   0.0
        D:3 |      59 |       9 |  13.2 |      20 |       4 |  16.7
        D:4 |     122 |      63 |  34.1 |      13 |       1 |   7.1
            +---------+---------+-------+---------+---------+-------
